 Dungeon Crawl Stone Soup version 0.21.1-1-g345015f (webtiles) character file.

97 HammerPanzer the Slasher (level 4, -2/37 HPs)
             Began as a Demonspawn Berserker on Apr 3, 2018.
             Was a Believer of Trog.
             Slain by a gnoll
             ... wielding a +2 whip of electrocution
              (12 damage)
             ... on level 3 of the Dungeon.
             The game lasted 00:04:14 (1906 turns).

HammerPanzer the Slasher (Demonspawn Berserker)     Turns: 1906, Time: 00:04:16

Health: -2/37      AC:  6    Str: 18    XL:     4   Next: 42%
Magic:  0/4        EV: 10    Int:  7    God:    Trog [**....]
Gold:   83         SH:  0    Dex: 12    Spells: 3/3 levels left

rFire    . . .     SeeInvis .   a - +1 falchion
rCold    . . .     Gourm    .   (no shield)
rNeg     . . .     Faith    .   h - +0 scale mail (curse)
rPois    .         Spirit   +   (helmet restricted)
rElec    .         Reflect  .   (no cloak)
rCorr    .         Harm     .   (no gloves)
MR       .....                  (no boots)
Stlth    ..........             (no amulet)
HPRegen  0.12/turn              m - -2 ring of intelligence (curse)
MPRegen  0.09/turn              (no ring)

@: no status effects
A: antennae 1, magic shield, sturdy frame 1
a: Berserk, Trog's Hand, Burn Spellbooks, Renounce Religion


You were on level 3 of the Dungeon.
You worshipped Trog.
Trog was pleased with you.
You were not hungry.

You visited 1 branch of the dungeon, and saw 3 of its levels.

You collected 83 gold pieces.

Inventory:

Hand Weapons
 a - a +1 falchion (weapon)
Armour
 b - a +0 ring mail of cold resistance
 h - a cursed +0 scale mail (worn)
 p - a +1 chain mail
Jewellery
 m - a cursed -2 ring of intelligence (left hand)
Wands
 n - a wand of iceblast (13)
Potions
 f - a potion of lignification
 j - a potion of heal wounds
 l - a potion of agility
 q - a potion of haste {unknown}
Comestibles
 c - 2 rations
 k - a chunk of flesh


   Skills:
 + Level 3.9 Fighting
 * Level 4.2 Long Blades
 - Level 1.7 Armour
 - Level 1.7 Dodging


You had 3 spell levels left.
You didn't know any spells.

Dungeon Overview and Level Annotations

Branches:
Dungeon (3/15)

Altars:
Ashenzari
Fedhas
Nemelex Xobeh
Wu Jian


Innate Abilities, Weirdness & Mutations

You have a pair of small antennae on your head.
When hurt, damage is shared between your health and your magic reserves.
Your movements are slightly less encumbered by armour. (ER -2)


Message History

The gnoll hits you but does no damage.
You barely miss the gnoll.
The gnoll is heavily wounded.
The gnoll hits you but does no damage.
You are electrocuted!
You closely miss the gnoll.
The gnoll is heavily wounded.
The gnoll hits you with a whip of electrocution.
You hit the gnoll.
The gnoll is heavily wounded.
The gnoll barely misses you.
You riposte.
You barely miss the gnoll.
The gnoll is heavily wounded.
You hit the gnoll but do no damage.
The gnoll is heavily wounded.
The gnoll barely misses you.
You hit the gnoll.
The gnoll is almost dead.
The gnoll hits you with a whip of electrocution.
* * * LOW HITPOINT WARNING * * *
You are electrocuted!
You die...

###.####
#...##
#....#
#....#
####.#
#.# #.#
#.# #@#
#g# #.#
...
..#.#
g.. ..
#.## ##.
#. . . #


You could see a gnoll.

Vanquished Creatures
  2 gnolls (D:3)
  3 adders (D:2)
  An ooze (D:1)
  2 dart slugs (D:1)
  4 bats
  2 giant cockroaches
  7 goblins (D:2)
  5 hobgoblins (D:1)
  8 jackals (D:1)
  2 frilled lizards (D:2)
  A kobold (D:1)
  3 rats (D:1)
40 creatures vanquished.

Notes
Turn   | Place    | Note
-------+----------+-------------------------------------------
     0 | D:1      | HammerPanzer the Demonspawn Berserker began the quest for the Orb.
     0 | D:1      | Reached XP level 1. HP: 18/18 MP: 1/1
   218 | D:1      | Reached skill level 3 in Long Blades
   222 | D:1      | Gained mutation: Your movements are slightly less encumbered by armour. (ER -2) [demonic ancestry]
   222 | D:1      | Reached XP level 2. HP: 24/24 MP: 2/2
   547 | D:1      | Gained mutation: When hurt, damage is shared between your health and your magic reserves. [demonic ancestry]
   547 | D:1      | Reached XP level 3. HP: 29/29 MP: 3/3
   849 | D:2      | Found a sparkling altar of Nemelex Xobeh.
   849 | D:2      | Found a shattered altar of Ashenzari.
   873 | D:2      | Reached ** piety under Trog
  1134 | D:2      | Found an ornate altar of the Wu Jian Council.
  1323 | D:2      | Reached skill level 4 in Long Blades
  1323 | D:2      | Gained mutation: You have a pair of small antennae on your head. [demonic ancestry]
  1323 | D:2      | Reached XP level 4. HP: 14/37 MP: 2/4
  1642 | D:2      | Found a blossoming altar of Fedhas.
  1906 | D:3      | Slain by a gnoll

Skill      XL: |  1  2  3 |
---------------+----------+-----
Long Blades    | 3 4 |  4.2
Fighting       | |  3.9
Armour         | |  1.7
Dodging        | |  1.7

Action                   |  1- 3 |  4- 6 || total
-------------------------+-------+-------++-------
Melee: Falchion          |    98 |    26 ||   124
  Use: Scroll            |       |     8 ||     8
 Stab: Sleeping          |     1 |       ||     1
  Eat: Chunk             |     1 |     2 ||     3
Armor: Animal skin       |    11 |       ||    11
       Scale mail        |    25 |     8 ||    33
Dodge: Dodged            |    68 |    15 ||    83
       Rpst.: Falchion   |    26 |     4 ||    30
